 Dungeon Crawl Stone Soup version bcrawl-1.19.2-6-g6a88ae04c9 (webtiles) character file.

Game seed: 3263698797660875085

2868 Mrkan the Cleaver (level 9, -2/79 HPs)
             Began as a Minotaur Fighter on Dec 29, 2019.
             Was a Priest of the Shining One.
             Slain by a red ugly thing (7 damage)
             ... on level 7 of the Dungeon.
             The game lasted 00:08:19 (5800 turns).

Mrkan the Cleaver (Minotaur Fighter)                Turns: 5800, Time: 00:08:20

Health: -2/79      AC:  8    Str: 26    XL:     9   Next: 47%
Magic:  0/11       EV:  8    Int:  5    God:    the Shining One [***...]
Gold:   473        SH: 11    Dex: 13    Spells: 8/8 levels left

rFire    . . .     SeeInvis .   a - +0 war axe
rCold    . . .     Gourm    .   c - +0 shield
rNeg     + . .     Faith    .   b - +0 scale mail
rPois    .         Spirit   +   (helmet restricted)
rElec    .         Reflect  .   B - scarf {Spirit}
rCorr    .         Harm     .   (no gloves)
MR       .....                  (no boots)
Stlth    ..........             (no amulet)
HPRegen  0.23/turn              (no ring)
MPRegen  0.12/turn              (no ring)

@: mighty, glowing
A: retaliatory headbutt, horns 2
a: Divine Shield, Renounce Religion


You were on level 7 of the Dungeon.
You worshipped the Shining One.
The Shining One was most pleased with you.
You were hungry.

You visited 1 branch of the dungeon, and saw 7 of its levels.

You collected 473 gold pieces.

Inventory:

Hand Weapons
 a - a +0 war axe (weapon)
Armour
 b - a +0 scale mail (worn)
 c - a +0 shield (worn)
 x - a scarf of stasis
 B - a scarf of spirit shield (worn)
 D - a +0 pair of gloves
Jewellery
 p - an uncursed ring of fire {unknown}
 s - an uncursed amulet of the gourmand {unknown}
 C - an uncursed ring of wizardry {unknown}
Wands
 G - a wand of enslavement (13)
Scrolls
 e - 4 scrolls of identify {unknown}
 h - a scroll of noise {unknown}
 i - 4 scrolls of fear {unknown}
 j - 3 scrolls of enchant armour {unknown}
 l - 7 scrolls of remove curse {unknown}
 n - 4 scrolls of teleportation {unknown}
 q - a scroll of fog {unknown}
 r - 2 scrolls of blinking {unknown}
 y - a scroll of magic mapping {unknown}
 E - a scroll of amnesia {unknown}
Potions
 g - a potion of flight {unknown}
 k - 2 potions of ambrosia {unknown}
 m - 2 potions of curing {unknown}
 o - a potion of haste {unknown}
 t - 3 potions of resistance {unknown}
 u - 2 potions of agility {unknown}
 v - 2 potions of lignification {unknown}
 w - a potion of mutation {unknown}
 z - a potion of berserk rage {unknown}
 A - a potion of degeneration {unknown}
 F - a potion of heal wounds {unknown}
Comestibles
 f - 17 rations {!d}


   Skills:
 + Level 7.4 Fighting
 * Level 9.6 Axes
 + Level 7.4 Armour
 + Level 7.4 Shields
 + Level 4.6 Invocations


You had 8 spell levels left.
You didn't know any spells.
Your spell library contained the following spells:

 Spells                   Type           Power        Failure   Level  Hunger
 Magic Dart               Conj           #...         96%         1    ##.....
 Blink                    Tloc           N/A          99%         2    ###....
 Call Imp                 Summ           #.....       99%         2    ###....
 Conjure Flame            Conj/Fire      #.......     100%        3    ####...
 Mephitic Cloud           Conj/Pois/Air  #.......     100%        3    ####...
 Spider Form              Tmut/Pois      #..          100%        3    ####...


Dungeon Overview and Level Annotations

Branches:
Dungeon (7/12)             Temple (0/1) D:6
   Lair: D:7-9

Altars:
Gozag
Kikubaaqudgha
Makhleb
Ru
Uskayaw
Yredelemnul
The Shining One

Shops:
D:7 [*

Annotations:
D:5 5 runed doors
D:6 2 transporters, yrara's ghost, novice GrFi


Innate Abilities, Weirdness & Mutations

You reflexively headbutt those who attack you in melee.
You have a pair of horns on your head.


Message History

The red ugly thing is heavily wounded.
The red ugly thing stings you!
* * * LOW HITPOINT WARNING * * *
You are engulfed in flames!
* * * LOW HITPOINT WARNING * * *
You hit the red ugly thing but do no damage.
Your headbutt misses the red ugly thing.
The red ugly thing is heavily wounded.
You block the red ugly thing's attack.
You hit the red ugly thing but do no damage.
The red ugly thing is heavily wounded.
You block the red ugly thing's attack.
Unknown command.
You feel very mighty all of a sudden. You block the red ugly thing's attack.
You slice the red ugly thing!!
Your headbutt misses the red ugly thing.
The red ugly thing is almost dead.
The red ugly thing stings you!
You die...

.............####'#######
...#.###.###.#..#.#
..##.#.......#..#.#
####.##..#####..#.#######
#......∩..............
##############......##
.....?..†......#
######?.......#
#.@...##..# #.u...# ..#
#.....# .# ........
........#.. .........# .
####......# ######.#


You could see a red ugly thing.

Vanquished Creatures
  3 yaks (D:6)
  2 phantoms (D:5)
  5 ice beasts
  2 sky beasts
  An ogre (D:6)
  2 centaurs (D:6)
  2 bullfrogs
  A water moccasin zombie (D:6)
  A scorpion (D:6)
  A howler monkey (D:4)
  2 crimson imps
  2 orc priests
  3 jellies
  A quasit (D:6)
  8 orc wizards
  An iguana (D:4)
  A bullfrog skeleton (D:6)
  8 worker ants
  2 hound skeletons (D:4)
  2 hound zombies
  Robin (D:2)
  A howler monkey skeleton (D:6)
  A worker ant zombie (D:6)
  9 adders
  4 gnolls (D:4)
  2 oozes
  2 adder zombies (D:5)
  An adder skeleton (D:4)
  4 worms
  5 dart slugs
  10 leopard geckos
  19 orcs
  2 giant cockroaches
  14 goblins
  8 hobgoblins
  7 jackals (D:2)
  5 quokkas
  3 ball pythons (D:1)
  4 bats
  3 frilled lizards
  15 kobolds
  A leopard gecko zombie (D:6)
  6 rats
177 creatures vanquished.

Vanquished Creatures (others)
  6 plants (D:6)
6 creatures vanquished.

Grand Total: 183 creatures vanquished

Notes
Turn   | Place    | Note
-------+----------+-------------------------------------------
     0 | D:1      | Mrkan the Minotaur Fighter began the quest for the Orb.
     0 | D:1      | Reached XP level 1. HP: 19/19 MP: 0/0
   122 | D:1      | Reached XP level 2. HP: 21/27 MP: 1/1
   214 | D:1      | Reached skill level 3 in Axes
   314 | D:1      | Reached XP level 3. HP: 6/33 MP: 2/2
   880 | D:2      | Found a glowing golden altar of the Shining One.
   882 | D:2      | Noticed an angel
   887 | D:2      | Became a worshipper of the Shining One
   944 | D:2      | Noticed Robin
   957 | D:2      | Reached XP level 4. HP: 14/40 MP: 3/3
   958 | D:2      | Killed Robin
   958 | D:2      | Reached skill level 4 in Axes
  1221 | D:2      | Reached * piety under the Shining One
  1496 | D:2      | Found a basalt altar of Yredelemnul.
  1498 | D:2      | Noticed a profane servitor
  1575 | D:3      | Reached XP level 5. HP: 43/47 MP: 4/4
  1781 | D:3      | Noticed an ice beast
  1789 | D:3      | Reached skill level 5 in Axes
  1789 | D:3      | HP: 2/47 [ice beast (8)]
  1804 | D:3      | Killed an ice beast
  1804 | D:3      | Reached skill level 1 in Invocations
  1804 | D:3      | Reached XP level 6. HP: 3/55 MP: 5/5
  2350 | D:4      | Reached skill level 5 in Fighting
  2444 | D:4      | Reached skill level 5 in Armour
  2444 | D:4      | Reached skill level 5 in Shields
  2720 | D:4      | Reached skill level 6 in Axes
  2720 | D:4      | Reached XP level 7. HP: 58/61 MP: 7/7
  3289 | D:5      | Entered Level 5 of the Dungeon
  3289 | D:5      | Found the +9 staff of Olgreb {rPois}
  3289 | D:5      | Reached ** piety under the Shining One
  3564 | D:5      | Found a runed door.
  3564 | D:5      | Found a runed gate.
  3571 | D:5      | Found a runed gate.
  3571 | D:5      | Found a runed gate.
  3612 | D:5      | Found a runed door.
  3655 | D:5      | Reached skill level 7 in Axes
  3707 | D:5      | Reached XP level 8. HP: 70/70 MP: 7/9
  4066 | D:5      | Reached skill level 8 in Axes
  4251 | D:5      | Reached *** piety under the Shining One
  4527 | D:6      | Found a staircase to the Ecumenical Temple.
  4874 | D:6      | Identified the +1 scale mail of Grot {-Cast rElec rCorr}
  4941 | D:6      | Noticed yrara's ghost (novice GrFi)
  5028 | D:6      | Reached XP level 9. HP: 67/78 MP: 8/11
  5099 | D:6      | Reached skill level 9 in Axes
  5349 | D:6      | Found a sacrificial altar of Ru.
  5349 | D:6      | Found a burning altar of Makhleb.
  5349 | D:6      | Found an ancient bone altar of Kikubaaqudgha.
  5354 | D:6      | Found a hide-covered altar of Uskayaw.
  5356 | D:6      | Found an opulent altar of Gozag.
  5498 | D:6      | Found a transporter.
  5596 | D:6      | Found a transporter.
  5739 | D:7      | Found Bimagamm's Assorted Antiques.
  5767 | D:7      | Found Siuqaaq's Antique Armour Shop.
  5787 | D:7      | Noticed a red ugly thing
  5800 | D:7      | Slain by a red ugly thing

Skill      XL: |  1  2  3  4  5  6  7  8  9 |
---------------+----------------------------+-----
Axes           | 3 4 5 6 7 8 9 |  9.6
Shields        | 4 5 6 7 |  7.4
Armour         | 4 5 6 7 |  7.4
Fighting       | 4 5 6 7 |  7.4
Invocations    | 1 2 4 |  4.6

Action                   |  1- 3 |  4- 6 |  7- 9 || total
-------------------------+-------+-------+-------++-------
Melee: War axe           |    78 |    94 |   186 ||   358
       Headbutt          |     8 |     9 |    40 ||    57
  Use: Potion            |       |       |     1 ||     1
  Eat: Chunk             |       |     6 |     9 ||    15
Armor: Scale mail        |    56 |    42 |    50 ||   148
Dodge: Dodged            |    38 |    35 |    60 ||   133
Block: Shield            |    57 |    56 |    97 ||   210
